Map: Oxide LE

Players

MaxPax - Winner!

  • Race: Protoss Protoss

Rail

  • Race: Protoss Protoss

Event: DreamHack SC2 Masters 2021 Winter

VOD

Have the link to the VOD?

Description

Time

  • Played on: Oct. 8, 2021, 10:13 a.m.
  • Length: 8:43

All games in this series

Show
View Real Time Build Order
Export as new Build Order

MaxPax Protoss - Winner!

Build Orders: Phoenix Opening, Zealot Archon 

Get SALT Encoding   

  12  0:00  Probe  
  13  0:12  Probe  
  14  0:18  Pylon  
  14  0:24  Probe  
  15  0:36  Probe (Chrono Boost)  
  15  0:37  Gateway  
  16  0:47  Probe (Chrono Boost), Assimilator  
  17  0:52  Probe (Chrono Boost)  
  18  1:03  Probe (Chrono Boost)  
  19  1:10  Assimilator  
  19  1:11  Pylon  
  19  1:15  Probe (Chrono Boost)  
  20  1:23  Probe (Chrono Boost)  
  20  1:24  Cybernetics Core  
  21  1:29  Probe  
  24  1:45  Probe  
  25  2:02  Nexus  
  25  2:07  Stargate  
  23  2:10  Probe  
  24  2:21  Adept  
  26  2:23  Probe  
  26  2:24  Warp Gate  
  27  2:35  Probe, Pylon  
  27  2:47  Probe  
  28  2:52  Phoenix (Chrono Boost)  
  28  2:56  Stalker  
  32  2:59  Probe  
  33  3:08  Phoenix (Chrono Boost)  
  33  3:11  Probe  
  36  3:20  Assimilator  
  36  3:23  Probe  
  36  3:24  Probe  
  38  3:30  Phoenix (Chrono Boost)  
  40  3:35  Probe  
  40  3:36  Probe  
  42  3:46  Pylon  
  42  3:47  Probe  
  42  3:48  Probe  
  44  3:51  Phoenix (Chrono Boost)  
  46  3:59  Probe  
  46  4:00  Assimilator  
  46  4:01  Probe  
  48  4:08  Shield Battery  
  48  4:11  Probe  
  48  4:12  Phoenix (Chrono Boost)  
  48  4:14  Probe  
  52  4:23  Robotics Facility  
  52  4:24  Probe  
  53  4:26  Probe  
  54  4:36  Probe  
  55  4:38  Probe, Forge  
  55  4:43  Gateway  
  55  4:44  Pylon  
  56  4:47  Phoenix  
  56  4:51  Probe x2  
  56  4:52  Sentry  
  62  5:04  Pylon  
  62  5:06  Protoss Ground Weapons Level 1  
  62  5:09  Twilight Council  
  62  5:13  Immortal (Chrono Boost)  
  66  5:23  Stalker  
  66  5:28  Pylon  
  68  5:32  Gateway  
  68  5:35  Gateway  
  68  5:40  Stalker  
  70  5:46  Observer (Chrono Boost)  
  71  5:51  Charge (Chrono Boost)  
  71  5:58  Pylon  
  71  5:59  Zealot  
  71  6:01  Immortal (Chrono Boost), Photon Cannon  
  77  6:04  Zealot  
  79  6:20  Zealot  
  79  6:22  Templar Archives  
  81  6:38  Immortal (Chrono Boost)  
  81  6:41  Zealot x4  
  81  6:44  Pylon  
  81  6:45  Pylon  
  93  7:03  High Templar x2  
  93  7:04  Zealot x2  
  101  7:10  Archon, Observer (Chrono Boost)  
  100  7:18  Nexus  
  100  7:20  Pylon  
  100  7:24  Warp Prism (Chrono Boost)  
  102  7:42  Zealot x4  
  110  7:46  Photon Cannon  
  110  7:50  Gateway x2  
  110  7:57  Probe x2  
  108  8:19  Zealot x4  
  108  8:32  Pylon  
  90  8:34  Gateway  
  90  8:36  Gateway  
Show
View Real Time Build Order
Export as new Build Order

Rail Protoss 

Build Orders: Phoenix Opening, Blink Stalkers 

Get SALT Encoding   

  12  0:00  Probe  
  13  0:12  Probe  
  14  0:19  Pylon  
  14  0:24  Probe (Chrono Boost)  
  15  0:38  Probe (Chrono Boost)  
  15  0:39  Gateway  
  16  0:45  Probe (Chrono Boost)  
  16  0:47  Assimilator  
  17  0:52  Probe (Chrono Boost)  
  17  0:55  Assimilator  
  19  1:04  Probe (Chrono Boost)  
  19  1:05  Pylon  
  19  1:13  Probe (Chrono Boost)  
  20  1:18  Probe  
  21  1:26  Cybernetics Core  
  21  1:30  Probe  
  21  1:31  Zealot  
  24  1:42  Probe  
  25  1:55  Probe  
  26  2:02  Stalker  
  26  2:03  Warp Gate  
  28  2:23  Stargate  
  28  2:26  Nexus  
  28  2:30  Probe  
  29  2:37  Pylon  
  29  2:42  Probe  
  30  2:47  Shield Battery  
  30  2:54  Probe  
  31  3:01  Twilight Council  
  31  3:09  Phoenix  
  31  3:10  Probe  
  34  3:21  Shield Battery  
  34  3:22  Probe  
  35  3:35  Probe (Chrono Boost)  
  35  3:39  Probe (Chrono Boost)  
  35  3:40  Blink (Chrono Boost)  
  39  3:47  Probe (Chrono Boost)  
  41  3:49  Probe (Chrono Boost)  
  41  3:52  Probe (Chrono Boost)  
  41  3:54  Probe (Chrono Boost)  
  39  3:57  Gateway  
  39  4:00  Stalker  
  39  4:01  Probe  
  43  4:05  Probe (Chrono Boost)  
  44  4:13  Probe (Chrono Boost)  
  45  4:18  Probe (Chrono Boost)  
  45  4:23  Stalker  
  46  4:24  Probe (Chrono Boost)  
  46  4:26  Probe (Chrono Boost)  
  46  4:29  Probe (Chrono Boost)  
  47  4:31  Probe  
  47  4:34  Robotics Facility  
  47  4:36  Gateway  
  48  4:39  Probe  
  48  4:40  Gateway  
  48  4:43  Probe  
  50  4:52  Stalker x2  
  52  4:55  Pylon  
  52  4:57  Pylon  
  52  4:59  Assimilator  
  54  5:03  Gateway  
  54  5:09  Gateway  
  50  5:14  Probe  
  50  5:15  Probe  
  50  5:21  Stalker x2  
  52  5:26  Probe  
  55  5:32  Stalker  
  57  5:37  Pylon  
  57  5:41  Stalker  
  59  5:48  Stalker  
  59  5:49  Probe  
  57  5:52  Probe, Pylon  
  57  5:55  Stalker  
  61  6:04  Probe (Chrono Boost)  
  61  6:06  Probe (Chrono Boost)  
  61  6:08  Stalker  
  64  6:13  Probe (Chrono Boost)  
  64  6:16  Probe (Chrono Boost)  
  64  6:17  Stalker  
  68  6:18  Probe (Chrono Boost)  
  68  6:25  Probe  
  68  6:30  Probe  
  70  6:33  Stalker x3  
  70  6:39  Stalker  
  75  6:43  Probe  
  76  6:52  Nexus  
  76  6:54  Stalker, Pylon  
  76  6:56  Sentry  
  76  6:57  Observer  
  81  7:04  Pylon  
  81  7:05  Stalker  
  83  7:15  Stalker x2, Pylon  
  87  7:21  Probe  
  87  7:22  Probe  
  89  7:23  Stalker  
  85  7:42  Stalker x3  
  85  7:43  Probe  
  90  7:45  Probe  
  91  7:54  Stalker x2  
  91  7:56  Zealot  
  96  8:05  Stalker x2, Zealot  
  100  8:11  Probe  
  98  8:17  Stalker  
  98  8:18  Stalker  
  98  8:19  Probe  
  95  8:26  Stalker, Zealot  

Tags
 
Add a new tag
Caveats
  • Supply blocks, unpowered buildings, or Contaminate may cause inaccurate times.
  • Supply counts are checked every 10 seconds.